 Dungeon Crawl Stone Soup version 0.22.1-1-ga44c0e56f4 (webtiles) character file.

4174 McKennaii the Destroyer (level 10, 0/51 HPs)
             Began as a Tengu Air Elementalist on Oct 27, 2018.
             Was a Priest of Sif Muna.
             Slain by a killer bee (6 damage)
             ... on level 9 of the Dungeon.
             The game lasted 00:30:09 (9474 turns).

McKennaii the Destroyer (Tengu Air Elementalist)    Turns: 9474, Time: 00:30:10

Health: 0/51       AC:  3    Str: 12    XL:     10   Next: 28%
Magic:  1/22       EV: 22    Int: 24    God:    Sif Muna [***...]
Gold:   682        SH:  0    Dex: 22    Spells: 16/24 levels left

rFire    . . .     SeeInvis .   b - +1 short sword (speed)
rCold    . . .     Gourm    .   (no shield)
rNeg     . . .     Faith    .   a - +0 robe
rPois    +         Spirit   .   (helmet restricted)
rElec    .         Reflect  .   s - scarf {repulsion}
rCorr    .         Harm     .   D - +0 pair of gloves
MR       .....                  (boots unavailable)
Stlth    ++++......             (no amulet)
HPRegen  0.17/turn              t - ring "Oqafeo" {*Drain rPois EV+3 Str+4 Dex+3}
MPRegen  0.18/turn              F - +4 ring of intelligence

@: agile, repel missiles
A: beak, talons 3, able to fly 1
a: Fly, Divine Energy, Channel Magic, Renounce Religion


You were on level 9 of the Dungeon.
You worshipped Sif Muna.
Sif Muna was most pleased with you.
You were not hungry.

You visited 1 branch of the dungeon, and saw 10 of its levels.
You also visited: Ossuary.

You collected 682 gold pieces.

Inventory:

Hand Weapons
 b - a +1 short sword of speed (weapon)
Armour
 a - a +0 robe (worn)
 s - a scarf of repulsion (worn)
 D - a +0 pair of gloves (worn)
Jewellery
 h - an uncursed ring of ice
 t - the ring "Oqafeo" (left hand) {*Drain rPois EV+3 Str+4 Dex+3}
   (You found it on level 4 of the Dungeon)

   [ring of evasion]

   It affects your evasion (+3).
   It affects your strength (+4).
   It affects your dexterity (+3).
   It protects you from poison.
   It causes draining when unequipped.
 w - an uncursed ring of protection from fire
 A - a +4 ring of dexterity
 F - a +4 ring of intelligence (right hand)
 G - an uncursed ring of resist corrosion {unknown}
 H - a +2 ring of slaying {unknown}
Scrolls
 e - 7 scrolls of remove curse
 f - 11 scrolls of identify
 k - 5 scrolls of teleportation
 n - 4 scrolls of blinking {unknown}
 o - a scroll of enchant armour {unknown}
 q - 2 scrolls of magic mapping {unknown}
 u - a scroll of fog {unknown}
 y - 2 scrolls of random uselessness {unknown}
 z - a scroll of amnesia {unknown}
 B - 2 scrolls of noise {unknown}
 C - a scroll of enchant weapon {unknown}
 I - 2 scrolls of immolation {unknown}
Potions
 d - 3 potions of degeneration
 g - a potion of berserk rage {unknown}
 j - 2 potions of agility
 l - 2 potions of haste {unknown}
 m - 2 potions of cancellation {unknown}
 p - 2 potions of might {unknown}
 r - 3 potions of brilliance {unknown}
 v - a potion of invisibility {unknown}
 x - a potion of resistance {unknown}
 E - a potion of mutation {unknown}
Comestibles
 c - 16 rations


   Skills:
 + Level 0.9 Fighting
 + Level 2.5 Short Blades
 + Level 3.3 Dodging
 + Level 3.1 Stealth
 + Level 1.2 Unarmed Combat
 * Level 7.7 Spellcasting
 * Level 10.7 Conjurations
 * Level 10.6 Air Magic


You had 16 spell levels left.
You knew the following spells:

 Your Spells              Type           Power        Failure   Level  Hunger
a - Shock                 Conj/Air       ####         1%          1    None
b - Swiftness             Chrm/Air       ####....     1%          2    None
c - Lightning Bolt        Conj/Air       ######....   2%          5    #####..

Your spell library contained the following spells:

 Spells                   Type           Power        Failure   Level  Hunger
 Static Discharge         Conj/Air       ######..     1%          3    None
 Airstrike                Air            ######....   1%          4    ###....
 Beastly Appendage        Tmut           #.....       7%          1    None
 Sticks to Snakes         Tmut           #.......     10%         2    None
 Spider Form              Tmut/Pois      #.........   21%         3    None
 Ice Form                 Ice/Tmut       #.......     54%         4    ###....
 Blade Hands              Tmut           #.........   88%         5    #####..


Dungeon Overview and Level Annotations

Branches:
Dungeon (10/15)            Temple (0/1) D:5            Lair (0/6) D:9
    Orc: D:9-12

Altars:
Ashenzari
Cheibriados
Elyvilon
Kikubaaqudgha
Qazlal
Sif Muna
Trog
Yredelemnul
The Shining One

Shops:
D:8 (


Innate Abilities, Weirdness & Mutations

You have a beak for a mouth.
You have claws for feet.
You can fly.


Message History

Press: ? - help, Shift-Dir - straight line, p - killer bee The zap hits the killer bee.
The killer bee is moderately wounded.
The zap misses the killer bee.
The killer bee stings you.
* * * LOW HITPOINT WARNING * * *
The killer bee misses you.
Casting: Shock (safe; 1% risk of failure)
Confirm with . or Enter, or press ? or * to list all spells.
Aiming: Shock (safe; 1% risk of failure)
Press: ? - help, Shift-Dir - straight line The zap misses the killer bee.
The zap hits the killer bee.
The killer bee is severely wounded.
The killer bee barely misses you. The killer bee misses you.
Casting: Shock (safe; 1% risk of failure)
Confirm with . or Enter, or press ? or * to list all spells.
Aiming: Shock (safe; 1% risk of failure)
Press: ? - help, Shift-Dir - straight line The zap misses the killer bee. x2; The killer bee closely misses you.
The killer bee stings you.
You die...

..#.......#.#########..# #.....
......_................# #.....
..#.......#............# #.....
..#.......#............# #.....
..##.....##......[.....#####..(..
..####.####......................
..........(......#############...
...........#.....#...........#...
#...<.#....##...@#...........#...
#.....#.....#....y........(..####
#.....#.....#....#...............
#.....#.....'.####...............
#.....#.....#.#...>..............
#.....#######.#..................
##............#.....^............
#............#..................
#............#..................


You could see a killer bee.

Vanquished Creatures
  Joseph (D:7)
  2 trolls
  Sigmund (D:2)
  Menkaure (D:7)
  A porcupine (D:9)
  A sky beast (D:6)
  An ice beast (D:6)
  An orc warrior (D:7)
  A black bear (D:8)
  4 ogres
  3 centaurs
  A big kobold (D:7)
  7 bullfrogs
  A wyvern zombie (D:9)
  A water moccasin zombie (Ossuary)
  2 scorpions
  4 wights (D:8)
  3 howler monkeys (D:10)
  A crimson imp (D:5)
  A quasit (D:7)
  3 bullfrog skeletons
  2 bullfrog zombies
  3 jellies
  2 orc priests
  2 hounds
  4 orc wizards
  A centaur skeleton (D:4)
  6 worker ants
  Terence (D:3)
  3 big kobold zombies (Ossuary)
  2 mummies (Ossuary)
  A gnoll (D:1)
  A howler monkey skeleton (D:5)
  12 adders
  3 shadow imps
  An ooze (D:1)
  4 adder zombies (Ossuary)
  3 worms
  4 dart slugs
  4 leopard geckos
  17 orcs
  7 bats
  7 giant cockroaches
  5 gnoll zombies (Ossuary)
  7 goblins
  6 hobgoblins
  17 jackals
  4 quokkas
  3 ball pythons
  2 frilled lizards
  A giant cockroach zombie (D:5)
  A goblin zombie (D:4)
  4 hobgoblin zombies (Ossuary)
  8 kobolds
  5 kobold zombies (Ossuary)
  A leopard gecko skeleton (D:9)
  2 orc zombies (Ossuary)
  A quokka skeleton (D:9)
  5 rats
  A rat zombie (D:4)
  A fungus (D:1)
205 creatures vanquished.

Notes
Turn   | Place    | Note
-------+----------+-------------------------------------------
     0 | D:1      | McKennaii the Tengu Air Elementalist began the quest for
                  | the Orb.
     0 | D:1      | Reached XP level 1. HP: 10/10 MP: 4/4
    58 | D:1      | Reached skill level 1 in Unarmed Combat
    58 | D:1      | Reached XP level 2. HP: 14/15 MP: 3/6
   106 | D:1      | Reached XP level 3. HP: 17/19 MP: 7/7
   271 | D:1      | Reached skill level 5 in Air Magic
   847 | D:2      | Found a white marble altar of Elyvilon.
   974 | D:2      | Reached XP level 4. HP: 22/24 MP: 0/8
  1247 | D:2      | Found a glowing golden altar of the Shining One.
  1315 | D:2      | Noticed Sigmund
  1398 | D:2      | Killed Sigmund
  1398 | D:2      | Gained mutation: You can fly. [Tengu growth]
  1398 | D:2      | Reached XP level 5. HP: 27/28 MP: 0/10
  1398 | D:2      | Reached XP level 6. HP: 32/33 MP: 0/11
  1731 | D:3      | Noticed Terence
  1770 | D:3      | Killed Terence
  1842 | D:3      | Found a white marble altar of Elyvilon.
  1878 | D:3      | Found a deep blue altar of Sif Muna.
  1984 | D:3      | Reached skill level 1 in Short Blades
  2429 | D:4      | Got a wavering turquoise ring
  2903 | D:4      | Reached XP level 7. HP: 37/37 MP: 9/13
  2925 | D:4      | Reached skill level 5 in Conjurations
  3026 | D:4      | Found a sand-covered staircase.
  3033 | Ossuary  | Entered an ossuary
  3202 | Ossuary  | HP: 1/37 [water moccasin zombie (6)]
  4227 | D:3      | Became a worshipper of Sif Muna the Loreminder
  4248 | D:5      | Entered Level 5 of the Dungeon
  4254 | D:5      | Learned a level 2 spell: Swiftness
  4260 | D:5      | Learned a level 5 spell: Lightning Bolt
  4405 | D:5      | Identified the ring "Oqafeo" {*Drain rPois EV+3 Str+4
                  | Dex+3} (You found it on level 4 of the Dungeon)
  4438 | D:5      | Reached XP level 8. HP: 41/42 MP: 10/15
  4796 | D:5      | Found a staircase to the Ecumenical Temple.
  4947 | D:6      | Reached * piety under Sif Muna
  5319 | D:6      | Found a stormy altar of Qazlal.
  5378 | D:6      | Reached skill level 5 in Spellcasting
  5760 | D:6      | Found a basalt altar of Yredelemnul.
  6191 | D:7      | Found a bloodstained altar of Trog.
  6227 | D:7      | Noticed Joseph
  6259 | D:7      | Killed Joseph
  6259 | D:7      | Reached ** piety under Sif Muna
  6259 | D:7      | Reached XP level 9. HP: 17/46 MP: 1/19
  7023 | D:7      | Noticed Menkaure
  7030 | D:7      | Killed Menkaure
  7474 | D:8      | Found Feesec's Weapon Shop.
  7800 | D:8      | Reached skill level 10 in Air Magic
  8205 | D:8      | Noticed a troll
  8221 | D:8      | Killed a troll
  8221 | D:8      | Reached *** piety under Sif Muna
  8388 | D:9      | Reached skill level 10 in Conjurations
  8388 | D:9      | Reached XP level 10. HP: 51/51 MP: 16/21
  8570 | D:9      | Found a snail-covered altar of Cheibriados.
  8689 | D:9      | Found an ancient bone altar of Kikubaaqudgha.
  9210 | D:9      | Found a shattered altar of Ashenzari.
  9243 | D:9      | Found a staircase to the Lair.
  9426 | D:10     | Entered Level 10 of the Dungeon
  9474 | D:9      | Slain by a killer bee

Skill      XL: |  1  2  3  4  5  6  7  8  9 |
---------------+----------------------------+-----
Unarmed Combat | 1 |  1.2
Air Magic      | 5 6 7 9 10 | 10.6
Conjurations   | 2 3 4 6 8 10 | 10.7
Spellcasting   | 3 4 6 7 |  7.7
Short Blades   | 1 2 |  2.5
Dodging        | 3 |  3.3
Stealth        | 3 |  3.1
Fighting       | |  0.9

Action                   |  1- 3 |  4- 6 |  7- 9 | 10-12 || total
-------------------------+-------+-------+-------+-------++-------
Melee: Unarmed           |     5 |       |       |       ||     5
       Kick              |    15 |    11 |    19 |     5 ||    50
       Short sword       |    54 |    41 |    96 |    10 ||   201
       Peck              |     5 |     5 |    16 |     1 ||    27
 Cast: Shock             |    47 |    89 |   317 |    86 ||   539
       Lightning Bolt    |       |       |     6 |     9 ||    15
 Abil: Fly               |       |       |     1 |       ||     1
  Use: Potion            |       |     1 |     6 |     4 ||    11
       Scroll            |       |       |     1 |     2 ||     3
  Eat: Chunk             |       |     7 |    13 |     4 ||    24
       Ration            |       |       |     1 |     1 ||     2
Armor: Robe              |    18 |     9 |    17 |     3 ||    47
Dodge: Dodged            |    37 |    32 |   108 |    40 ||   217
       Deflected         |       |       |    15 |       ||    15
